 Dungeon Crawl Stone Soup version 0.30-a0-1103-g25895a7845 (webtiles) character file.

Game seed: 4843969198013967011

317 jimonade the Grasshopper (level 6, -9/51 HPs)
             Began as a Gnoll Warper on Apr 19, 2023.
             Killed from afar by an orc wizard (11 damage)
             ... with a magic dart
             ... on level 5 of the Dungeon.
             The game lasted 00:08:01 (3983 turns).

jimonade the Grasshopper (Gnoll Warper)             Turns: 3983, Time: 00:08:01

Health: -9/51      AC: 10    Str: 17    XL:     6   Next: 45%
Magic:  14/14      EV: 12    Int: 12    God:
Gold:   243        SH:  0    Dex: 13    Spells: 11/15 levels left

rFire   . . .      SeeInvis .    a - +1 dagger (venom)
rCold   . . .      Faith    .    (no shield)
rNeg    . . .      Spirit   .    h - +1 ring mail
rPois   .          Reflect  .    (no helmet)
rElec   .          Rampage  .    (no cloak)
rCorr   .                        (no gloves)
Will    .....                    (no boots)
Stlth   +                        (no amulet)
HPRegen 0.28/turn                l - +4 ring of protection
MPRegen 0.14/turn                q - +6 ring of strength

@: no status effects
A: fangs 1, strong nose, distributed training
a: no special abilities


You were on level 5 of the Dungeon.
You visited 1 branch of the dungeon, and saw 5 of its levels.

You collected 243 gold pieces.

Inventory:

Hand Weapons
 a - a +1 dagger of venom (weapon)
 b - a +0 sling
 f - a +0 falchion
 i - a +0 hand axe
 p - a +1 dagger of protection
 y - a +0 quarterstaff
Missiles
 d - 7 boomerangs of dispersal (quivered)
 v - 2 atropa-tipped darts
 A - 5 poisoned darts
Armour
 e - a +0 leather armour
 h - a +1 ring mail (worn)
Magical Staves
 x - a staff of air
Jewellery
 l - a +4 ring of protection (left hand)
 q - a +6 ring of strength (right hand)
Scrolls
 c - a scroll of blinking
 u - 2 scrolls of enchant armour
Potions
 j - a potion of flight {unknown}
 k - 6 potions of curing {unknown}
 m - a potion of brilliance {unknown}
 n - 2 potions of ambrosia {unknown}
 o - a potion of resistance {unknown}
 r - a potion of degeneration {unknown}
 s - 2 potions of haste {unknown}
 z - a potion of heal wounds {unknown}


   Skills:
 + Level 5.0 Fighting
 + Level 2.0 Short Blades
 + Level 5.0 Long Blades
 + Level 2.0 Axes
 + Level 2.0 Maces & Flails
 + Level 2.0 Polearms
 + Level 2.0 Staves
 + Level 2.0 Ranged Weapons
 + Level 3.3 Throwing
 + Level 3.3 Armour
 + Level 5.0 Dodging
 + Level 2.0 Stealth
 + Level 2.0 Shields
 + Level 2.0 Unarmed Combat
 + Level 5.4 Spellcasting
 + Level 1.6 Conjurations
 + Level 1.6 Hexes
 + Level 1.6 Summonings
 + Level 1.6 Necromancy
 + Level 5.7 Translocations
 + Level 1.6 Transmutations
 + Level 1.6 Fire Magic
 + Level 1.6 Ice Magic
 + Level 1.6 Air Magic
 + Level 1.6 Earth Magic
 + Level 1.6 Poison Magic
 + Level 2.2 Invocations
 + Level 2.0 Evocations


You had 11 spell levels left.
You knew the following spells:

 Your Spells              Type           Power      Damage    Failure   Level
a - Blink                 Tloc           32%        N/A       4%          2
b - Lesser Beckoning      Tloc           32%        N/A       4%          2

Your spell library contained the following spells:

 Spells                   Type           Power      Damage    Failure   Level
 Teleport Other           Tloc           16%        N/A       10%         3
 Vhi's Electric Charge    Tloc/Air       24%        N/A       22%         3
 Manifold Assault         Tloc           16%        N/A       32%         4
 Ozocubu's Armour         Ice            7%         N/A       47%         3
 Ozocubu's Refrigeration  Ice            3%         4d8       100%        7


Dungeon Overview and Level Annotations

Branches:
Dungeon (5/15)
 Temple: D:4-7

Altars:
Fedhas
Kikubaaqudgha
Nemelex Xobeh
Okawaru
Uskayaw

Annotations:
D:4 Sigmund


Innate Abilities, Weirdness & Mutations

You have very sharp teeth.
Your uncanny sense of smell can sniff out nearby items.
Your experience applies equally to all skills.


Message History

You barely miss the orc priest. You completely miss the orc wizard.
The orc priest mumbles some strange prayers to Beogh against you.
Beogh smites you!
The orc wizard hits you but does no damage.
You hear a shout!
You hit the orc priest.
The orc priest is lightly wounded.
The orc priest hits you but does no damage.
The orc wizard hits you with a +0 dagger.
You barely miss the orc priest.
The orc priest is lightly wounded.
The orc priest misses you.
The orc wizard gestures wildly while chanting.
The orc wizard flickers and vanishes!
Deactivating autopickup; reactivate with Ctrl-A.
An orc comes into view. It is wielding a +0 hand axe.
You hear a shout!
You closely miss the orc priest.
You bite the orc priest, but do no damage.
The orc priest is lightly wounded.
The orc priest calls down the wrath of Beogh upon you.
Beogh smites you!
* * * LOW HITPOINT WARNING * * *
Something hits you.
* * * LOW HITPOINT WARNING * * *
You closely miss the orc priest.
You bite the orc priest, but do no damage.
The orc priest is lightly wounded.
The orc priest closely misses you. Something hits you.
* * * LOW HITPOINT WARNING * * *
You hit the orc priest but do no damage.
The orc priest is poisoned.
The orc priest is lightly wounded.
The orc priest hits you with a +0 whip.
* * * LOW HITPOINT WARNING * * *
You hear some strange, mumbled words.
A magic dart appears from out of thin air!
The magic dart hits you!
You die...

#### ∆ #.. ########.# ∆
#.#....#<# #
.###.##@#.##.########.#
.......o{o##...~~8~~..#
###.##########).~~~.?#
#!.....## #...####
#.#.# ..#o# ####.o ##o


You could see an orc priest (very poisoned) and an orc.

Vanquished Creatures
  A bullfrog (D:4)
  An iguana (D:4)
  An orc wizard (D:3)
  5 gnolls
  3 adders
  5 worms
  A dart slug (D:2)
  13 orcs
  9 ball pythons
  6 bats
  9 endoplasms
  4 giant cockroaches
  5 goblins
  5 hobgoblins
  2 jackals (D:3)
  10 kobolds
  5 quokkas
  4 frilled lizards
  3 rats (D:2)
92 creatures vanquished.

Notes
Turn   | Place    | Note
-------+----------+-------------------------------------------
     0 | D:1      | jimonade the Gnoll Warper began the quest for the Orb.
     0 | D:1      | Reached XP level 1. HP: 20/20 MP: 6/6
   207 | D:1      | Found a faded altar of an unknown god.
   212 | D:1      | Reached XP level 2. HP: 26/26 MP: 7/7
   862 | D:1      | Reached skill level 5 in Spellcasting
   862 | D:1      | Reached XP level 3. HP: 15/31 MP: 7/9
   943 | D:2      | Reached skill level 1 in Invocations
  1082 | D:2      | Found an iron altar of Okawaru.
  1190 | D:2      | Reached skill level 1 in Short Blades
  1190 | D:2      | Reached skill level 1 in Axes
  1190 | D:2      | Reached skill level 1 in Maces & Flails
  1190 | D:2      | Reached skill level 1 in Polearms
  1190 | D:2      | Reached skill level 1 in Staves
  1190 | D:2      | Reached skill level 1 in Ranged Weapons
  1190 | D:2      | Reached skill level 1 in Stealth
  1190 | D:2      | Reached skill level 1 in Shields
  1190 | D:2      | Reached skill level 1 in Unarmed Combat
  1190 | D:2      | Reached skill level 1 in Evocations
  1436 | D:2      | Reached XP level 4. HP: 38/38 MP: 11/11
  1806 | D:2      | Reached skill level 1 in Conjurations
  1806 | D:2      | Reached skill level 1 in Hexes
  1806 | D:2      | Reached skill level 1 in Summonings
  1806 | D:2      | Reached skill level 1 in Necromancy
  1806 | D:2      | Reached skill level 1 in Transmutations
  1806 | D:2      | Reached skill level 1 in Fire Magic
  1806 | D:2      | Reached skill level 1 in Ice Magic
  1806 | D:2      | Reached skill level 1 in Air Magic
  1806 | D:2      | Reached skill level 1 in Earth Magic
  1806 | D:2      | Reached skill level 1 in Poison Magic
  2443 | D:3      | Learned a level 2 spell: Blink
  2446 | D:3      | Learned a level 2 spell: Lesser Beckoning
  2502 | D:3      | Reached XP level 5. HP: 39/43 MP: 12/12
  3173 | D:4      | Found an iron altar of Okawaru.
  3275 | D:4      | Found a hide-covered altar of Uskayaw.
  3276 | D:4      | Found a sparkling altar of Nemelex Xobeh.
  3284 | D:4      | Noticed Sigmund
  3443 | D:4      | Reached skill level 5 in Fighting
  3443 | D:4      | Reached skill level 5 in Long Blades
  3443 | D:4      | Reached skill level 5 in Dodging
  3443 | D:4      | Reached XP level 6. HP: 38/51 MP: 14/14
  3542 | D:4      | Found a blossoming altar of Fedhas.
  3545 | D:4      | Found an ancient bone altar of Kikubaaqudgha.
  3957 | D:5      | Entered Level 5 of the Dungeon
  3983 | D:5      | HP: 2/51 [orc priest/+0 whip (5)]
  3983 | D:5      | Killed from afar by an orc wizard

Illustrated notes

Levels and vault maps discovered:
D:1:      dpeg_arrival_solitude, layout_loops_ring,
          hellmonk_ecumenical_altar_inner_sanctum, corexii_hall_statues_u
D:2:      layout_basic, basic_altar
D:3:      layout_loops_ring, serial_bayou_pond_c, st_stairs_3
D:4:      layout_rooms, nicolae_overflow_hidden_temple,
          okawaru_ov_weapons_minmay, uniq_sigmund
D:5:      layout_basic, lemuel_tele_altar, moated_statue

Skill      XL: |  1  2  3  4  5 |
---------------+----------------+-----
Spellcasting   | 5 |  5.4
Invocations    | 1 2 |  2.2
Short Blades   | 1 2 |  2.0
Axes           | 1 2 |  2.0
Maces & Flails | 1 2 |  2.0
Polearms       | 1 2 |  2.0
Staves         | 1 2 |  2.0
Ranged Weapons | 1 2 |  2.0
Stealth        | 1 2 |  2.0
Shields        | 1 2 |  2.0
Unarmed Combat | 1 2 |  2.0
Evocations     | 1 2 |  2.0
Conjurations   | 1 |  1.6
Hexes          | 1 |  1.6
Summonings     | 1 |  1.6
Necromancy     | 1 |  1.6
Transmutations | 1 |  1.6
Fire Magic     | 1 |  1.6
Ice Magic      | 1 |  1.6
Air Magic      | 1 |  1.6
Earth Magic    | 1 |  1.6
Poison Magic   | 1 |  1.6
Throwing       | 3 |  3.3
Armour         | 3 |  3.3
Fighting       | 5 |  5.0
Long Blades    | 5 |  5.0
Dodging        | 5 |  5.0
Translocations | |  5.7

Action                     |  1- 3 |  4- 6 || total
---------------------------+-------+-------++-------
  Melee: Dagger            |   105 |   232 ||   337
         Falchion          |     5 |       ||     5
         Bite              |    12 |    27 ||    39
         Punch             |     2 |     5 ||     7
    Use: Scroll            |       |     5 ||     5
   Stab: Sleeping          |     1 |       ||     1
         Distracted        |       |     1 ||     1
 Armour: Ring mail         |    45 |    71 ||   116
         Leather armour    |     1 |       ||     1
  Dodge: Dodged            |    51 |   120 ||   171

Table legend: (Time is in decaauts)
 A = Elapsed time spent in this place.
 B = Non-inter-level travel time spent in this place.
 C = Inter-level travel time spent in this place.
 D = Time resting spent in this place.
 E = Time spent auto-exploring this place.
 F = Levels seen in this place.
 G = Mean time per level.
                   A        B        C        D        E       F      G
               +--------+--------+--------+--------+--------+-----+--------+
         Total |   3969 |   3676 |    293 |    375 |   2341 |   5 |  793.8 |
       Dungeon |   3969 |   3676 |    293 |    375 |   2341 |   5 |  793.8 |
               +--------+--------+--------+--------+--------+-----+--------+

Top non-repeatable levels by time:
     D:2: 1321 daAuts
     D:3: 1204 daAuts
     D:1: 878 daAuts
     D:4: 539 daAuts
     D:5: 25 daAuts
